 Dungeon Crawl Stone Soup version 0.14-a0-1036-g6cac21b (webtiles) character file.

115131 MackTheKnife the Alchemist (level 16, -35/153 HPs)
             Began as a Purple Draconian Transmuter on Nov 23, 2013.
             Was a High Priest of Okawaru.
             Annihilated by Lamia
             ... wielding a +0,+2 bardiche of dragon slaying
              (46 damage)
             ... on Level 3 of the Snake Pit on Nov 24, 2013.
             The game lasted 02:19:35 (34485 turns).

MackTheKnife the Alchemist (DrTm)                  Turns: 34485, Time: 02:19:35

HP -35/153       AC 14     Str 16      XL: 16   Next: 13%
MP   0/28        EV 24     Int 19      God: Okawaru [*****.]
Gold 1812        SH  0     Dex 17      Spells:  8 memorised,  1 level left

Res.Fire  : . . .   See Invis. : +     - Unarmed
Res.Cold  : . . .   Warding    : .   (armour unavailable)
Life Prot.: . . .   Conserve   : .   (shield currently unavailable)
Res.Poison: +       Res.Corr.  : .   K - +2 elf wizard hat
Res.Elec. : .       Clarity    : .   r - +1 cloak
Sust.Abil.: . .     Spirit.Shd : +   W - melded +2 pair of gauntlets {Dex+3}
Res.Mut.  : .       Stasis     : .   E - +0 pair of boots of Skichauz {+Rage +Inv rPois}
Res.Rott. : .       Flight     : .   O - amulet of guardian spirit
Saprovore : . . .                    J - ring of Vitality {Regen HP+15}
                                     M - ring of Umurus {+Fly Str+3 Int+4}

@: blade hands (expiring), quite poisoned, heroism, finesse, very resistant to
hostile enchantments, stealthy
A: breathe power, unfitting armour, see invisible, AC +9
a: Breathe Dispelling Energy, End Transformation, Heroism, Finesse, Renounce
Religion, Evoke Berserk Rage, Evoke Invisibility, Evoke Flight


You were on level 3 of the Snake Pit.
You worshipped Okawaru.
Okawaru was extremely pleased with you.
You were not hungry.
Your hands were blades.
You visited 5 branches of the dungeon, and saw 32 of its levels.
You also visited: Labyrinth and Volcano.

You collected 2551 gold pieces.
You spent 739 gold pieces at shops.


Innate Abilities, Weirdness & Mutations

You can breathe bolts of energy.*
You can dispel enchantments when you breathe energy.*
Your rich purple scales are hard (AC +9).*
Your body does not fit into most forms of armour.
Your cold-blooded metabolism reacts poorly to cold.
You have supernaturally acute eyesight.


   Skills:
 - Level 14.3(19.3) Fighting
 - Level 10.0(15.0) Dodging
 - Level 14.0(19.0) Unarmed Combat
 - Level 6.2 Spellcasting
 + Level 16.0 Transmutations
 - Level 5.3 Poison Magic
 - Level 8.5 Invocations


You had one spell level left.
You knew the following spells:

 Your Spells              Type           Power        Failure   Level  Hunger
a - Stoneskin             Trmt/Erth      #####.....   14%         2    None
c - Blade Hands           Trmt           ######....   12%         5    #####..
x - Spider Form           Trmt/Pois      #####.....   12%         3    ##.....
z - Beastly Appendage     Trmt           ######       3%          1    None
A - Ozocubu's Armour      Chrm/Ice       #.........   77%         3    ##.....
C - Mephitic Cloud        Conj/Pois/Air  ##......     58%         3    ##.....
X - Dragon Form           Trmt           ######....   54%         7    #######
Z - Cure Poison           Pois           ####......   21%         2    None

Inventory:

Armour
 r - a +1 cloak (worn)
 E - the +0 pair of boots of Skichauz (worn) {+Rage +Inv rPois}
   (Okawaru gifted it to you on level 2 of the Lair of Beasts)

   It protects you from poison.
   It lets you turn invisible.
   It lets you go berserk.
 K - a +2 elven wizard hat (worn)
 W - a +2 pair of gauntlets of dexterity (melded)
 Z - the +2 pair of boots of Lies {rElec Int-4}
   (Okawaru gifted it to you on level 15 of the Dungeon)

   It affects your intelligence (-4).
   It insulates you from electricity.
Magical devices
 k - a wand of cold (5)
 u - a wand of draining (7)
 v - a wand of teleportation (6)
 x - a wand of invisibility (3)
 A - a wand of cold (6)
 C - a wand of digging (13)
 H - a wand of draining (4)
Comestibles
 h - 5 apples
 i - 4 pears
 l - 4 meat rations
 F - 2 beef jerkies
 N - a snozzcumber
 S - 3 bread rations
 X - a choko
Scrolls
 g - 2 scrolls of magic mapping
 n - 4 scrolls of fear
 o - 11 scrolls of remove curse
 q - a scroll of enchant armour
 G - 4 scrolls of teleportation
 P - 2 scrolls of blinking
 T - 3 scrolls of identify
Jewellery
 a - an uncursed ring of protection from magic
 J - the ring of Vitality (right scythe-like blade) {Regen HP+15}
   (You took it off an orc priest on level 10 of the Dungeon)

   [ring of regeneration]

   It affects your health (+15).
 L - an uncursed amulet of resist mutation
 M - the ring of Umurus (left scythe-like blade) {+Fly Str+3 Int+4}
   (You found it on level 3 of the Lair of Beasts)

   [ring of flight]

   It affects your strength (+3).
   It affects your intelligence (+4).
 O - an amulet of guardian spirit (around neck)
Potions
 c - 3 potions of might
 e - 5 potions of agility
 f - 4 potions of speed
 j - 4 potions of restore abilities
 m - 10 potions of curing
 p - 3 potions of lignification
 s - a potion of porridge
 I - 3 potions of brilliance
Books
 t - the Volume of Hurtful Lightness
   (You found it on level 2 of the Snake Pit)

   Spells                             Type                      Level
   Swiftness                          Charms/Air                   2
   *Mephitic Cloud                    Conjuration/Poison/Air       3
   Static Discharge                   Conjuration/Air              3
   Lightning Bolt                     Conjuration/Air              5
   Conjure Ball Lightning             Conjuration/Air              6
Rods
 d - a +8 rod of fiery destruction (13/13) {!a}
   (You found it in a labyrinth)

+▒▒▒+▒▒▒ ········▒
·········▒
··········▒
··········▒
···········▒
·········N··▒
·········d··▒
+▒▒·····▒▒'▒▒▒
▒▒+▒▒··+·····▒···▒
▒▒······▒·····'···▒
▒·······▒·····▒···▒
▒···)···▒·<···▒···▒
'·<·····▒·····▒···▒
▒▒)·▒▒▒+▒·····▒···▒
·▒)▒▒[····▒▒+▒▒···▒


You could see Lamia.


Message History

You partially resist.
* * * LOW HITPOINT WARNING * * *
Drink which item? (? for menu, Esc to quit)
You feel much better.
Your transformation is almost over.
Lamia hits you with a bardiche of dragon slaying!
* * * LOW HITPOINT WARNING * * *
You convulse!
* * * LOW HITPOINT WARNING * * *
Lamia completely misses you.
You shred Lamia!!!
Lamia is heavily wounded.
* * * LOW HITPOINT WARNING * * *
You feel sick.
Unknown command.
You shred Lamia!!! You slash Lamia, but do no damage.
Lamia is severely wounded.
Lamia barely misses you. Lamia misses you.
You slash Lamia!
Lamia is severely wounded.
* * * LOW HITPOINT WARNING * * *
You feel sick.
You hit Lamia but do no damage.
Lamia is severely wounded.
* * * LOW HITPOINT WARNING * * *
You feel sick.
Lamia hits you with a bardiche of dragon slaying!
* * * LOW HITPOINT WARNING * * *
You convulse!
You die...

Action                   |  1- 3 |  4- 6 |  7- 9 | 10-12 | 13-15 | 16-18 || total
-------------------------+-------+-------+-------+-------+-------+-------++-------
Melee: Unarmed           |   181 |   251 |   508 |  1338 |  2035 |    91 ||  4404
 Fire: Blowgun           |       |     5 |       |       |       |       ||     5
 Cast: Beastly Appendage |     7 |    10 |     7 |     1 |       |       ||    25
       Sticks to Snakes  |     2 |    18 |    29 |    17 |       |       ||    66
       Spider Form       |       |       |    39 |    71 |    45 |       ||   155
       Stoneskin         |       |       |       |     1 |     1 |       ||     2
       Blade Hands       |       |       |       |       |    69 |     6 ||    75
       Ozocubu's Armour  |       |       |       |       |     1 |       ||     1
Invok: Heroism           |       |       |       |     4 |    21 |     2 ||    27
       Finesse           |       |       |       |       |     2 |     1 ||     3
 Abil: End Transformatio |       |       |    10 |    34 |    32 |     1 ||    77
       Breathe Dispellin |       |       |     3 |     2 |     2 |       ||     7
Evoke: Wand              |       |       |     1 |    17 |    30 |     1 ||    49
  Use: Scroll            |     2 |     9 |    12 |    17 |    22 |       ||    62
       Potion            |       |       |     2 |     9 |     1 |     2 ||    14
 Stab: Sleeping          |     1 |       |     1 |     4 |     4 |       ||    10
       Distracted        |       |       |     2 |     2 |     2 |       ||     6
       Fleeing           |       |       |       |       |     1 |       ||     1
       Invisible         |       |       |       |       |     1 |     5 ||     6

Vault maps used:
D:1:      elethiomel_entry_shortcut, minmay_misc_feat_plants
D:3:      okawaru_metal_pillars_3
D:4:      led_sif_book, first_bread, hex_medium
D:5:      minitemple, temple_hall
D:6:      old_standard_altar, uniq_eustachio
D:7:      nicolae_overflow_hidden_temple
D:8:      trog_ov_bears_minmay
D:10:     erik_lair_orcish_takeover, basic_altar, spider_trap
D:11:     lab_entry_generic, grunt_livestock
D:12:     zombieorc1_lemuel, uniq_maurice, uniq_nergalle, uniq_urug
D:13:     serial_shops, shop, lightli_church_of_beogh, uniq_grum
D:14:     erik_vaults_1
D:16:     gammafunk_enter_depths_critters, nemelex_xobeh_ov_fountains_minmay
Orc:2:    serial_shops, shop, shop, uniq_joseph, uniq_sonja
Orc:4:    grunt_orc_gardens, grunt_orc_garden, grunt_orc_garden,
          grunt_orc_garden, grunt_orc_garden, uniq_erica, uniq_donald,
          uniq_fannar
Lair:1:   special_room, enter_volcano_4, patterned_corridor
Lair:2:   minivault_24
Lair:3:   roderic_batcave
Lair:4:   swamp_mist, minmay_snake_entry_six_corridors
Lair:7:   slime_altar_1
Lair:8:   minmay_lair_end_enchanted_forest
Snake:1:  serial_shops, shop, basic_altar, uniq_maud, uniq_nikola
Snake:2:  stair_cage_line, uniq_azrael
Snake:3:  serial_shops, shop_statue, uniq_lamia, uniq_roxanne
Lab:      labyrinth_hidden_loot, nicolae_lab_starburst, nicolae_lab_grate_2,
          nicolae_lab_do_over, nicolae_lab_checkerboard, labyrinth_hungry_ghost,
          labyrinth_skeletal_remains, labyrinth_glass_1, lab_block,
          nicolae_lab_x, nicolae_lab_flowing_pool
Volcano:  volcano_aerie
Depths:1: mludivico_vault, dk_noncrumbling_3, abyss_entry, lightli_too_deep,
          bh_walls_and_bars

Notes
Turn   | Place    | Note
--------------------------------------------------------------
     0 | D:1      | MackTheKnife, the Draconian Transmuter, began the quest for the Orb.
     0 | D:1      | Reached XP level 1. HP: 16/16 MP: 1/1
   250 | D:1      | Reached XP level 2. HP: 23/23 MP: 0/3
   748 | D:1      | Learned a level 2 spell: Sticks to Snakes
   982 | D:2      | Reached XP level 3. HP: 26/28 MP: 2/4
   988 | D:2      | Learned a level 3 spell: Spider Form
  1409 | D:2      | Reached skill level 4 in Unarmed Combat
  1521 | D:3      | Reached skill level 1 in Poison Magic
  1842 | D:3      | Reached XP level 4. HP: 35/35 MP: 6/6
  2127 | D:3      | Found an iron altar of Okawaru.
  2248 | D:3      | Became a worshipper of Warmaster Okawaru
  2497 | D:4      | Reached skill level 3 in Transmutations
  2920 | D:4      | Found a deep blue altar of Sif Muna.
  3149 | D:3      | Reached XP level 5. HP: 29/40 MP: 3/7
  3371 | D:4      | Reached skill level 5 in Unarmed Combat
  3371 | D:4      | Reached skill level 2 in Poison Magic
  3371 | D:4      | Reached XP level 6. HP: 32/47 MP: 9/9
  3544 | D:4      | Reached skill level 4 in Transmutations
  3556 | D:4      | Reached skill level 3 in Poison Magic
  4089 | D:5      | Entered Level 5 of the Dungeon
  4602 | D:5      | Found a glowing golden altar of the Shining One.
  4608 | D:5      | Found a glowing silver altar of Zin.
  4696 | D:5      | Your scales start taking on a rich purple colour.
  4696 | D:5      | Reached XP level 7. HP: 38/52 MP: 2/11
  5051 | D:5      | Noticed Daniel's ghost (experienced MiCK)
  5252 | D:5      | Reached skill level 4 in Poison Magic
  5375 | D:6      | Noticed Eustachio
  5380 | D:6      | Reached skill level 6 in Unarmed Combat
  5393 | D:6      | Reached skill level 5 in Transmutations
  5589 | D:4      | HP: 5/52 [poisoned by Daniel's ghost]
  6289 | D:5      | Reached XP level 8. HP: 36/60 MP: 3/12
  6423 | D:6      | Killed Eustachio
  6423 | D:6      | Acquired Okawaru's first power
  6423 | D:6      | Reached skill level 2 in Dodging
  6754 | D:6      | Reached skill level 6 in Transmutations
  6756 | D:6      | Reached skill level 7 in Unarmed Combat
  6802 | D:6      | Reached skill level 3 in Dodging
  7184 | D:6      | Found a blossoming altar of Fedhas.
  7801 | D:7      | Noticed a hill giant
  7818 | D:7      | Killed a hill giant
  7818 | D:7      | Reached skill level 7 in Transmutations
  7818 | D:7      | Reached skill level 5 in Poison Magic
  7818 | D:7      | Reached XP level 9. HP: 38/66 MP: 3/14
  8004 | D:7      | Reached skill level 4 in Dodging
  8099 | D:7      | Reached skill level 5 in Dodging
  8634 | D:8      | Reached skill level 6 in Dodging
  9115 | D:7      | Found a sparkling altar of Nemelex Xobeh.
  9610 | D:8      | Reached skill level 7 in Dodging
  9889 | D:8      | Found a bloodstained altar of Trog.
 10071 | D:8      | Reached skill level 8 in Dodging
 10343 | D:9      | Reached skill level 2 in Fighting
 10404 | D:9      | Reached XP level 10. HP: 66/73 MP: 13/16
 10418 | D:9      | Reached skill level 8 in Unarmed Combat
 10715 | D:9      | Reached skill level 3 in Fighting
 11062 | D:9      | Paralysed by a giant eyeball for 4 turns
 11070 | D:9      | Paralysed by a giant eyeball for 2 turns
 11077 | D:9      | Reached skill level 4 in Fighting
 11491 | D:10     | Entered Level 10 of the Dungeon
 11491 | D:10     | Found a staircase to the Lair.
 11665 | D:9      | Reached skill level 5 in Fighting
 11665 | D:9      | Reached skill level 9 in Unarmed Combat
 12051 | D:10     | Found a shattered altar of Ashenzari.
 12111 | D:10     | Reached skill level 6 in Fighting
 12431 | D:9      | Noticed a skeletal warrior
 12431 | D:9      | Noticed a skeletal warrior
 12432 | D:9      | Noticed a skeletal warrior
 12433 | D:9      | Noticed a skeletal warrior
 12513 | D:10     | Reached skill level 10 in Unarmed Combat
 12571 | D:10     | Reached skill level 7 in Fighting
 12842 | D:10     | Acquired Okawaru's second power
 12921 | D:10     | Killed an unseen horror
 12921 | D:10     | Reached skill level 8 in Fighting
 12921 | D:10     | Reached XP level 11. HP: 70/89 MP: 15/17
 13156 | Lair:1   | Entered Level 1 of the Lair of Beasts
 13381 | Lair:1   | Found a dark tunnel.
 13388 | Volcano  | Entered a volcano
 13568 | Lair:1   | Reached skill level 9 in Fighting
 13927 | Lair:1   | Reached skill level 10 in Fighting
 14204 | Lair:2   | Learned a level 2 spell: Stoneskin
 14551 | Lair:2   | Reached skill level 9 in Dodging
 15257 | Lair:2   | Received a gift from Okawaru
 15260 | Lair:2   | Got a pair of brightly glowing boots {god gift}
 15304 | Lair:2   | Identified the +0 pair of boots of Skichauz {+Rage +Inv rPois} (Okawaru gifted it to you on level 2 of the Lair of Beasts)
 15437 | Lair:3   | Reached skill level 10 in Dodging
 15654 | Lair:3   | Got a fine lead ring
 15655 | Lair:3   | Identified the ring of Umurus {+Fly Str+3 Int+4} (You found it on level 3 of the Lair of Beasts)
 16317 | Lair:4   | Reached skill level 11 in Unarmed Combat
 16354 | Lair:4   | Reached XP level 12. HP: 100/100 MP: 15/18
 16426 | Lair:4   | Found a staircase to the Swamp.
 16429 | Lair:4   | Noticed Narretz's ghost (powerful TrBe)
 16456 | Lair:4   | Killed Narretz's ghost
 16557 | Lair:4   | Found a staircase to the Snake Pit.
 16612 | Lair:4   | Reached skill level 12 in Unarmed Combat
 17003 | Lair:4   | Noticed a four-headed hydra
 17539 | Lair:5   | Reached skill level 13 in Unarmed Combat
 18195 | Lair:5   | Noticed a five-headed hydra
 18233 | Lair:4   | Received a gift from Okawaru
 18567 | Lair:5   | Killed a five-headed hydra
 18622 | Lair:6   | Reached skill level 14 in Unarmed Combat
 19728 | Lair:7   | Reached skill level 11 in Fighting
 19848 | Lair:7   | Received a gift from Okawaru
 19905 | Lair:7   | Reached XP level 13. HP: 108/108 MP: 19/19
 20111 | Lair:7   | Found a viscous altar of Jiyva.
 20113 | Lair:7   | Found a staircase to the Slime Pits.
 20134 | Lair:7   | Reached skill level 12 in Fighting
 20401 | Lair:8   | Entered Level 8 of the Lair of Beasts
 20413 | Lair:7   | Reached skill level 2 in Invocations
 20627 | Lair:7   | Received a gift from Okawaru
 20632 | Lair:7   | Got a dazzling crossbow {god gift}
 20633 | Lair:7   | Identified the +6,+9 crossbow "Newtbane" {elec, +Blink +Inv +Fly rPois rF- rC+ rN+} (Okawaru gifted it to you on level 7 of the Lair of Beasts)
 20633 | Lair:7   | Identified the +6,+9 crossbow "Newtbane" {elec, +Blink +Inv +Fly rPois rF- rC+ rN+} (Okawaru gifted it to you on level 7 of the Lair of Beasts)
 20660 | Lair:7   | Reached skill level 3 in Invocations
 20757 | Lair:7   | Reached skill level 4 in Invocations
 20854 | Lair:7   | Reached skill level 5 in Invocations
 21079 | Lair:8   | Gained mutation: You have supernaturally acute eyesight. [potion of beneficial mutation]
 21136 | Lair:8   | Reached skill level 6 in Invocations
 21372 | Lair:8   | Reached skill level 7 in Invocations
 21402 | Lair:8   | Received a gift from Okawaru
 21495 | Lair:8   | Reached skill level 8 in Invocations
 21915 | Lair:8   | Reached skill level 8 in Transmutations
 22145 | Lair:8   | Reached skill level 9 in Transmutations
 22756 | Lair:2   | Learned a level 5 spell: Blade Hands
 22821 | D:11     | Found a labyrinth entrance.
 22832 | Lab      | Entered a labyrinth
 22997 | Lab      | Got a crude blowgun
 22998 | Lab      | Identified the cursed +2 blowgun of the Badger {evade, rElec MR++ Dex+1 Int+2} (You found it in a labyrinth)
 23077 | D:11     | Identified a +8 rod of fiery destruction (13/13) (You found it in a labyrinth)
 23283 | D:11     | Reached XP level 14. HP: 104/118 MP: 22/25
 23347 | D:11     | Reached skill level 10 in Transmutations
 23816 | D:11     | Received a gift from Okawaru
 23993 | D:11     | Identified a scroll of acquirement
 24116 | D:12     | Noticed Nergalle
 24138 | D:12     | Killed Nergalle
 24175 | D:12     | Noticed Urug
 24185 | D:12     | Killed Urug
 24185 | D:12     | Reached skill level 11 in Transmutations
 24649 | D:12     | Found a staircase to the Orcish Mines.
 24669 | D:12     | Reached skill level 3 in Spellcasting
 24871 | D:12     | Noticed Maurice
 24877 | D:12     | Killed Maurice
 25195 | Orc:1    | Entered Level 1 of the Orcish Mines
 25393 | Orc:2    | Reached skill level 4 in Spellcasting
 26442 | Orc:2    | Found Humu's Weapon Boutique.
 26442 | Orc:2    | Noticed Joseph
 26453 | Orc:2    | Killed Joseph
 26554 | Orc:2    | Found Zuexot's Food Shoppe.
 26608 | Orc:2    | Noticed Sonja
 26638 | Orc:2    | Killed Sonja
 26683 | Orc:4    | Entered Level 4 of the Orcish Mines
 26683 | Orc:4    | Noticed Donald
 26696 | Orc:4    | Killed Donald
 26696 | Orc:4    | Reached skill level 5 in Spellcasting
 26778 | Orc:4    | Received a gift from Okawaru
 26862 | Orc:4    | Noticed Erica
 26871 | Orc:4    | Killed Erica
 26927 | Orc:4    | Upgraded the game from 0.14-a0-1029-g9530a8b to 0.14-a0-1036-g6cac21b
 26967 | Orc:4    | Found a staircase to the Elven Halls.
 26973 | Orc:4    | Noticed Fannar
 26979 | Orc:4    | Reached skill level 12 in Transmutations
 26991 | Orc:4    | Killed Fannar
 27173 | Orc:4    | Reached skill level 6 in Spellcasting
 27186 | Orc:4    | Found Fuhafo's Antique Armour Emporium.
 27261 | Orc:4    | Bought an elven wizard hat for 75 gold pieces
 27452 | Orc:4    | Noticed an orc warlord
 27454 | Orc:4    | Found Koalod's General Store.
 27629 | Orc:4    | Killed an orc warlord
 27752 | Orc:4    | Found Carchyum's Antique Weapon Shop.
 27817 | Orc:4    | Reached skill level 13 in Fighting
 28139 | Orc:4    | Found Huaceill's Jewellery Emporium.
 28153 | Orc:4    | Bought an uncursed amulet of resist mutation for 600 gold pieces
 28352 | Lair:2   | Learned a level 7 spell: Dragon Form
 28561 | D:13     | Learned a level 3 spell: Mephitic Cloud
 28661 | D:13     | Learned a level 2 spell: Cure Poison
 28708 | D:13     | Reached XP level 15. HP: 115/128 MP: 24/27
 28720 | D:13     | Found Gribeish's Weapon Emporium.
 28908 | D:13     | Noticed Grum
 28920 | D:13     | Killed Grum
 29153 | D:13     | Reached skill level 14 in Fighting
 29188 | D:13     | Received a gift from Okawaru
 29302 | D:13     | Found a roughly hewn altar of Beogh.
 29757 | D:14     | Found a gate to the Vaults.
 30004 | D:14     | Reached skill level 13 in Transmutations
 30647 | D:15     | Entered Level 15 of the Dungeon
 30813 | D:15     | Received a gift from Okawaru
 31187 | D:16     | Entered Level 16 of the Dungeon
 31428 | D:16     | Reached skill level 14 in Transmutations
 31452 | D:16     | Found a staircase to the Depths.
 31499 | Depths:1 | Entered Level 1 of the Depths
 31926 | D:15     | Got a pair of shimmering boots {god gift}
 31930 | D:15     | Identified the +2 pair of boots of Lies {rElec Int-4} (Okawaru gifted it to you on level 15 of the Dungeon)
 32118 | D:16     | Found a sparkling altar of Nemelex Xobeh.
 32511 | Lair:2   | Learned a level 3 spell: Ozocubu's Armour
 32618 | Lair:4   | Killed a four-headed hydra
 32661 | Snake:1  | Entered Level 1 of the Snake Pit
 32695 | Snake:1  | Noticed Nikola
 32710 | Snake:1  | Killed Nikola
 32710 | Snake:1  | Reached skill level 15 in Transmutations
 32712 | Snake:1  | Noticed Maud
 32720 | Snake:1  | Killed Maud
 32989 | Snake:1  | Found Ixaebba's Assorted Antiques.
 33008 | Snake:1  | Bought a scroll of identify for 64 gold pieces
 33053 | Snake:1  | Received a gift from Okawaru
 33129 | Snake:1  | Found a glowing silver altar of Zin.
 33414 | Snake:2  | Identified the Volume of Hurtful Lightness
 33694 | Snake:2  | Reached XP level 16. HP: 89/138 MP: 15/28
 34023 | Snake:2  | Noticed Azrael
 34039 | Snake:2  | Killed Azrael
 34359 | Snake:3  | Reached skill level 16 in Transmutations
 34474 | Snake:3  | Noticed Lamia
 34485 | Snake:3  | HP: 11/153 [Lamia/bardiche of dragon slaying (40)]
 34485 | Snake:3  | Annihilated by Lamia

Vanquished Creatures
  Donald (Orc:4)
  An orc warlord (Orc:4)
  Azrael (Snake:2)
  The ghost of Narretz the Grappler, a powerful TrBe of Trog (Lair:4)
  A minotaur (Lab)
  Fannar (Orc:4)
  6 hydras
  2 anacondas
  2 dancing weapons (D:14)
  Erica (Orc:4)
  5 death yaks (Lair:7)
  An ogre mage (D:15)
  Urug (D:12)
  5 naga warriors
  9 orc high priests
  4 centaur warriors
  Nergalle (D:12)
  5 skeletal warriors (D:14)
  7 slime creatures
  7 unseen horrors
  7 hill giants
  2 griffons (Lair:7)
  6 orc knights
  Joseph (Orc:2)
  A harpy (shapeshifter) (D:14)
  2 lindwurms
  2 giant amoebae (D:16)
  3 orc sorcerers
  A cyclops (D:11)
  5 elephants (Lair:7)
  Maurice (D:12)
  8 spiny frogs
  A feature mimic (Lair:4)
  18 black mambas
  5 fire drakes
  2 giant fireflies (Lair:8)
  3 naga magi
  8 komodo dragons
  A red devil (D:13)
  A minotaur zombie (Lab)
  A polar bear (shapeshifter) (D:14)
  11 spriggans (Lair:8)
  11 trolls
  Sonja (Orc:2)
  2 polar bears
  3 two-headed ogres
  A boulder beetle (Lair:8)
  A fire dragon zombie (D:12)
  10 blink frogs
  4 basilisks
  2 trapdoor spiders
  4 grizzly bears
  2 vampires
  A steam dragon (D:10)
  13 ugly things
  Eustachio (D:6)
  A hill giant zombie (D:12)
  A shark (Lair:6)
  A spiny worm zombie (D:16)
  4 wyverns
  39 yaks
  3 wraiths
  A hog (shapeshifter) (D:13)
  2 hogs (D:11)
  Grum (D:13)
  10 hippogriffs
  3 fire elementals (Snake:2)
  5 hungry ghosts
  3 vampire mosquitoes (D:13)
  24 wolves
  3 manticores
  A hill giant skeleton (D:8)
  2 soldier ants
  A human (D:11)
  4 ice beasts
  4 sky beasts
  3 hell hounds (Snake:2)
  21 nagas
  4 phantoms
  A mottled dragon (D:16)
  A yellow wasp (D:13)
  14 black bears
  29 orc warriors
  10 porcupines
  19 ogres
  12 centaurs
  A giant goldfish (Lair:6)
  2 wargs
  10 giant slugs
  15 crocodiles
  14 giant frogs
  4 big kobolds
  26 water moccasins
  A gnoll sergeant (D:11)
  10 agate snails
  A cyclops zombie (D:13)
  A giant slug zombie (D:15)
  3 troll zombies
  A yak zombie (D:9)
  12 killer bees
  13 wights
  2 vampire bats (Lair:3)
  An electric eel (Lair:6)
  2 goliath beetles
  7 crimson imps
  A big fish (Lair:6)
  20 orc priests
  8 spiders (D:10)
  11 hounds
  7 iguanas
  4 jellies
  A giant frog skeleton (D:13)
  A centaur skeleton (D:10)
  33 orc wizards
  6 worker ants
  4 scorpions
  21 sheep
  A mottled dragon skeleton (D:13)
  3 ogre zombies (D:12)
  A big kobold skeleton (D:7)
  A mottled dragon zombie (D:11)
  9 boggarts
  A hound skeleton (D:10)
  65 green rats
  4 gnolls (D:11)
  16 adders
  7 giant centipedes
  An inept feature mimic (D:4)
  4 giant mites
  A goliath beetle zombie (D:6)
  7 worms
  A giant centipede zombie (D:13)
  An iguana zombie (D:8)
  An iguana skeleton (D:8)
  2 giant eyeballs
  164 orcs
  21 bats
  3 giant cockroaches
  17 goblins
  18 hobgoblins
  25 jackals
  38 kobolds
  2 oozes
  5 quokkas
  8 giant geckos
  14 giant newts
  2 giant spores
  2 goblin skeletons
  3 goblin zombies (D:12)
  A hobgoblin skeleton (D:12)
  3 hobgoblin zombies (D:12)
  5 orc skeletons
  15 orc zombies
  18 rats
  A rat skeleton (D:5)
  8 ballistomycetes
  A plant (Lair:8)
1178 creatures vanquished.

Vanquished Creatures (collateral kills)
  Nikola (Snake:1)
  Maud (Snake:1)
  A hill giant (D:7)
  2 spiny frogs
  A black mamba (Snake:1)
  An ice beast (D:5)
  A naga (Snake:1)
  An ogre (D:8)
  A giant slug (Lair:3)
  A water moccasin (Snake:1)
  2 crimson imps
  An iguana (D:4)
  3 adders
  A giant mite (D:4)
  2 hobgoblins
  A bat (D:5)
  A giant newt (D:6)
22 creatures vanquished.

Vanquished Creatures (others)
  A giant gecko (D:5)
  2 giant spores
  3 orcs
  A rat (D:4)
  6 fungi
  2 plants
15 creatures vanquished.

Grand Total: 1215 creatures vanquished
